 Dungeon Crawl Stone Soup version 0.25.1-2-g60ff931df9 (webtiles) character file.

Game seed: 5450618087505416560

486 Elvor the Chopper (level 7, 0/60 HPs)
             Began as a Hill Orc Fighter on Sept 14, 2020.
             Was a Follower of Okawaru.
             Slain by Elvor's ghost (9 damage)
             ... on level 4 of the Dungeon.
             The game lasted 00:25:07 (2598 turns).

Elvor the Chopper (Hill Orc Fighter)                Turns: 2598, Time: 00:25:08

Health: 0/60       AC:  7    Str: 27    XL:     7   Next: 13%
Magic:  7/7        EV:  8    Int:  8    God:    Okawaru [*.....]
Gold:   216        SH: 10    Dex: 10    Spells: 6/6 levels left

rFire    . . .     SeeInvis .   a - +0 war axe
rCold    . . .     Gourm    .   c - +0 kite shield
rNeg     . . .     Faith    .   b - +0 scale mail
rPois    .         Spirit   .   (no helmet)
rElec    .         Reflect  .   (no cloak)
rCorr    .         Harm     .   (no gloves)
MR       .....                  (no boots)
Stlth    ..........             y - amulet of regeneration
HPRegen  0.60/turn              k - ring of wizardry
MPRegen  0.10/turn              h - +6 ring of strength

@: mighty, lethally poisoned (0 -> 0)
A: no striking features
a: Heroism, Renounce Religion


You were on level 4 of the Dungeon.
You worshipped Okawaru.
Okawaru was aware of your devotion.
You were not hungry.

You visited 1 branch of the dungeon, and saw 4 of its levels.

You collected 216 gold pieces.

Inventory:

Hand Weapons
 a - a +0 war axe (weapon)
 s - a +0 hunting sling
 C - a +2 rapier of venom
Missiles
 n - 22 sling bullets
 o - 212 stones (quivered)
 t - 6 javelins
Armour
 b - a +0 scale mail (worn)
 c - a +0 kite shield (worn)
Jewellery
 h - a +6 ring of strength (right hand)
 k - a ring of wizardry (left hand)
 w - an uncursed amulet of magic regeneration
 y - an amulet of regeneration (around neck)
Scrolls
 g - a scroll of enchant armour {unknown}
 i - 2 scrolls of immolation
 l - a scroll of teleportation {unknown}
 m - a scroll of blinking
 p - a scroll of amnesia {unknown}
 x - 3 scrolls of fog
Potions
 d - a potion of might
 j - a potion of curing
 u - a potion of stabbing
 v - a potion of cancellation
 z - a potion of heal wounds {unknown}
 A - a potion of resistance {unknown}
 B - a potion of brilliance {unknown}
 D - a potion of invisibility {unknown}
Comestibles
 f - 5 rations


   Skills:
 + Level 4.4 Fighting
 * Level 6.9 Axes
 + Level 1.4 Slings
 + Level 4.4 Armour
 + Level 1.0 Dodging
 + Level 0.5 Stealth
 + Level 4.5 Shields


You had 6 spell levels left.
You didn't know any spells.
Your spell library contained the following spells:

 Spells                   Type           Power        Failure   Level  Hunger
 Confusing Touch          Hex            #.......     98%         3    ####...
 Gell's Gravitas          Tloc           #.........   98%         3    ####...
 Petrify                  Tmut/Erth      #.......     100%        4    #####..
 Metabolic Englaciation   Hex/Ice        #.........   100%        5    ######.
 Yara's Violent Unravell  Hex/Tmut       #.........   100%        5    ######.


Dungeon Overview and Level Annotations

Branches:
Dungeon (4/15)
 Temple: D:4-7

Altars:
Dithmenos
Hepliaklqana
Okawaru
Trog
Vehumet
Xom
Yredelemnul

Annotations:
D:4 Elvor's ghost, amateur HOFi


Message History

Here: Elvor's ghost (fire blocked by a runed translucent door)
The floor.
Unknown command.
Unknown command.
Press: ? - help, v - describe, . - travel
Here: Elvor's ghost (fire blocked by a runed translucent door)
The floor.
Unknown command.
Unknown command.
Okay, then.
Okay, then.
You open the door.
You feel sick.
You hit Elvor's ghost.
Elvor's ghost is lightly damaged.
Elvor's ghost closely misses you. Elvor's ghost hits you!
* * * LOW HITPOINT WARNING * * *
You slice Elvor's ghost!!
Elvor's ghost is heavily damaged.
Elvor's ghost hits you!
You die...

#.##..<.....# #<###
#.##.....##.## #.#
##.##.........#####.#
#..##.....###..##...#
#.###....##⌠##..#.### #.#
#...##...##.....# ##.#
#..##..%..##..#.... #..#
#..W...♣..⌠#..##### ##.##
##@##..%..##..#
#..#####..##...##...#
########..........##⌠##..#.#
##.....#.....###....###...#.##
#.............#####..........###
...............###########.#...#
...........................H##.##
.[...................#####.......
...............#####.###....##...


You could see Elvor's ghost.

Vanquished Creatures
  A hippogriff (D:4)
  A crimson imp (D:4)
  A centaur skeleton (D:4)
  3 worker ants (D:4)
  A hound zombie (D:3)
  A howler monkey skeleton (D:4)
  11 adders
  An ooze (D:1)
  2 worms (D:2)
  2 dart slugs
  A leopard gecko (D:2)
  4 ball pythons
  A giant cockroach (D:1)
  3 goblins
  4 hobgoblins
  4 kobolds
  2 quokkas (D:3)
  6 bats
  3 frilled lizards
  7 rats
59 creatures vanquished.

Notes
Turn   | Place    | Note
-------+----------+-------------------------------------------
     0 | D:1      | Elvor the Hill Orc Fighter began the quest for the Orb.
     0 | D:1      | Reached XP level 1. HP: 19/19 MP: 1/1
   239 | D:1      | Reached skill level 3 in Axes
   239 | D:1      | Reached XP level 2. HP: 27/27 MP: 2/2
   944 | D:2      | Reached XP level 3. HP: 33/33 MP: 3/3
  1093 | D:2      | Reached skill level 4 in Axes
  1283 | D:2      | Found a faded altar of an unknown god.
  1459 | D:3      | Found a shimmering altar of Xom.
  1478 | D:3      | Reached XP level 4. HP: 34/40 MP: 4/4
  1509 | D:3      | Found a bloodstained altar of Trog.
  1567 | D:3      | Found a radiant altar of Vehumet.
  1595 | D:3      | Found an iron altar of Okawaru.
  1596 | D:3      | Found a basalt altar of Yredelemnul.
  1605 | D:3      | Became a worshipper of Warmaster Okawaru
  1830 | D:3      | Reached skill level 5 in Axes
  1830 | D:3      | Reached XP level 5. HP: 45/46 MP: 5/5
  1936 | D:4      | Found an iron altar of Okawaru.
  1982 | D:4      | Found a shadowy altar of Dithmenos.
  1982 | D:4      | Noticed a shadow
  1990 | D:4      | Found a hazy altar of Hepliaklqana.
  2215 | D:4      | Reached XP level 6. HP: 25/52 MP: 6/6
  2274 | D:4      | Noticed Elvor's ghost (amateur HOFi)
  2274 | D:4      | Noticed a hippogriff
  2292 | D:3      | Reached skill level 1 in Slings
  2566 | D:4      | Killed a hippogriff
  2566 | D:4      | Reached * piety under Okawaru
  2566 | D:4      | Reached skill level 6 in Axes
  2566 | D:4      | Reached skill level 1 in Dodging
  2573 | D:4      | Found a runed translucent door.
  2582 | D:4      | Reached XP level 7. HP: 14/60 MP: 7/7
  2598 | D:4      | Slain by Elvor's ghost

Illustrated notes

Levels and vault maps discovered:
D:1:      dpeg_arrival_water_temple_mockup, layout_loops_ring
D:2:      layout_loops_cross, chequers_ecumenical_altar_simple
D:3:      layout_rooms, lemuel_round_altar, grunt_temple_overflow_open
D:4:      layout_rooms, riverfiend_overflow_shadow_ancestor,
          hellmonk_ghost_happy_afterlife, first_ration, minivault_4,
          okawaru_gym_becter

Skill      XL: |  1  2  3  4  5  6 |
---------------+-------------------+-----
Axes           | 3 4 5 6 |  6.9
Shields        | 4 |  4.5
Fighting       | 4 |  4.4
Armour         | 4 |  4.4
Slings         | 1 |  1.4
Dodging        | 1 |  1.0
Stealth        | |  0.5

Action                   |  1- 3 |  4- 6 |  7- 9 || total
-------------------------+-------+-------+-------++-------
Melee: War axe           |   116 |   130 |     5 ||   251
 Fire: Hunting sling     |    19 |    13 |       ||    32
  Use: Scroll            |       |     9 |       ||     9
       Potion            |       |     1 |       ||     1
  Eat: Chunk             |     1 |     4 |       ||     5
       Ration            |       |     1 |       ||     1
Armor: Scale mail        |    52 |    52 |       ||   104
Dodge: Dodged            |    40 |    43 |     1 ||    84
Block: Kite shield       |    57 |    90 |     2 ||   149
